 Dungeon Crawl Stone Soup version 0.18-a0-1643-gb89d9db (webtiles) character file.

6300 namename2 the Grappler (level 10, -1/84 HPs)
             Began as a Ghoul Gladiator on Mar 28, 2016.
             Was an Initiate of Ru.
             Slain by Snorg (10 damage)
             ... on level 10 of the Dungeon.
             The game lasted 00:35:23 (7454 turns).

namename2 the Grappler (Ghoul Gladiator)            Turns: 7454, Time: 00:35:25

Health: -1/84      AC: 11    Str: 20    XL:     10   Next: 95%
Magic:  9/9        EV: 13    Int:  7    God:    Ru [......]
Gold:   405        SH:  8    Dex: 17    Spells: 0 memorised, 9 levels left

rFire  + . .     SeeInvis .       - Unarmed
rCold  + . .     Gourm    .     K - +0 chain mail
rNeg   + + +     Faith    .     C - +0 buckler
rPois  ∞         Spirit   .     b - +0 helmet
rElec  .         Dismiss  .     g - +1 cloak
rCorr  .         Reflect  +     (no gloves)
SustAt .         Harm     .     (no boots)
MR     +....                    t - +3 amulet of reflection
Stlth  ..........               R - ring of Piffupykh {+Inv MR+ Int+4}
                                T - ring of protection from fire

@: agile, rotting, somewhat resistant to hostile enchantments, extremely
unstealthy
A: rotting body, claws 1, carnivore 3, cold resistance 1, negative energy
resistance 3, screaming 1, slow regeneration 1, torment resistance, unbreathing
a: Renounce Religion, Evoke Invisibility


You were on level 10 of the Dungeon.
You worshipped Ru.
Ru was noncommittal.
You were not hungry.

You visited 2 branches of the dungeon, and saw 11 of its levels.
You also visited: Sewer.

You collected 405 gold pieces.

Inventory:

Hand Weapons
 w - a +1 blowgun
Missiles
 c - 5 needles of frenzy
 h - 7 javelins (quivered)
 k - 202 stones
 s - 45 poisoned needles
 Q - 2 needles of sleeping
Armour
 b - a +0 helmet (worn)
 g - a +1 cloak (worn)
 x - a +0 scale mail
 C - a +0 buckler (worn)
 K - a +0 chain mail (worn)
Rods
 Y - a +0 iron rod (11/11)
   (You found it on level 8 of the Dungeon)
Jewellery
 a - an uncursed ring of ice
 l - an uncursed amulet of the gourmand {unknown}
 t - a +3 amulet of reflection (around neck)
 H - a +1 ring of protection {unknown}
 I - an uncursed amulet of magic regeneration {unknown}
 R - the ring of Piffupykh (right claw) {+Inv MR+ Int+4}
   (You found it on level 7 of the Dungeon)

   [ring of protection from magic]

   It affects your intelligence (+4).
   It affects your resistance to hostile enchantments.
   It lets you turn invisible.
 T - a ring of protection from fire (left claw)
Wands
 r - a wand of slowing (22/48)
 z - a wand of lightning (5/15)
 A - a wand of paralysis (12/24)
 B - a wand of flame (15/48)
 D - a wand of heal wounds (8/9)
 E - a wand of iceblast (5/15)
 W - a wand of digging (7/24)
 Z - a wand of enslavement (16/24)
Scrolls
 j - a scroll of fear {unknown}
 m - 7 scrolls of remove curse {unknown}
 n - 5 scrolls of recharging {unknown}
 p - 5 scrolls of teleportation
 u - 3 scrolls of fog {unknown}
 v - a scroll of magic mapping
 J - 4 scrolls of noise {unknown}
 P - a scroll of torment {unknown}
Potions
 e - 3 potions of brilliance
 f - 8 potions of heal wounds
 i - 7 potions of curing
 o - a potion of might
 F - 3 potions of agility
 G - 2 potions of cure mutation {unknown}
 L - 2 potions of haste
 O - 2 potions of flight {unknown}
 S - a potion of resistance {unknown}
 U - a potion of cancellation {unknown}
Comestibles
 d - 7 meat rations
 q - 2 slices of pizza
 M - 4 chunks of flesh
 N - 3 beef jerkies


   Skills:
 + Level 6.9 Fighting
 - Level 5.1 Throwing
 - Level 2.6 Dodging
 - Level 4.4 Shields
 - Level 14.0 Unarmed Combat
 - Level 1.0 Evocations


You had 9 spell levels left.
You didn't know any spells.

Dungeon Overview and Level Annotations

Branches:
Dungeon (10/15)            Temple (1/1) D:4
   Lair: D:8-11         Orc: D:9-12

Altars:
Ashenzari
Cheibriados
Dithmenos
Elyvilon
Fedhas
Gozag
Kikubaaqudgha
Makhleb
Nemelex Xobeh
Okawaru
Pakellas
Qazlal
Ru
Sif Muna
Trog
Vehumet
Xom
Yredelemnul
Zin
The Shining One

Shops:
D:8 (   D:9 (

Annotations:
D:9 Sargon's ghost, novice TrMo
D:10 Snorg


Innate Abilities, Weirdness & Mutations

Your body is rotting away.
You thrive on raw meat.
You are immune to poison.
You have sharp fingernails.
You are carnivorous and can eat meat at any time.
Your flesh is cold resistant.
You are immune to negative energy.
You occasionally shout uncontrollably at your foes.
You regenerate slowly when monsters are visible.
You are immune to unholy pain and torment.
You can survive without breathing.


Message History

Okay, then.
You mangle Snorg!!
Snorg is heavily wounded.
Snorg bites you. Snorg claws you! Snorg barely misses you.
You scratch Snorg.
Snorg is heavily wounded.
Snorg bites you but does no damage. Snorg claws you but does no damage.
You block Snorg's attack.
You barely miss Snorg.
Snorg is heavily wounded.
Snorg closely misses you. Snorg claws you but does no damage.
Snorg closely misses you.
You completely miss Snorg.
Snorg is heavily wounded.
Snorg bites you!!
* * * LOW HITPOINT WARNING * * *
Snorg claws you but does no damage. x2; Snorg misses you.
Snorg claws you!
* * * LOW HITPOINT WARNING * * *
Snorg claws you!
You die...

#### #...... .....
#+## ## #######
.....##..### ####.
#...## ...........#
.... #.....
...........# ...
#..... ...........#
..# ##..##
.....##....# ..#
##'###
######+##....##..#
+..<..
#...........@T..$+
#.....
#......##....##..#
##...# +......##....#
..# #####
#.......#..........
#.......#...........
##...<.##....##..##...
...##.....##....# .)#
... ..........##....#
... .. .<........#


You could see Snorg (berserk).

Vanquished Creatures
  Pikel (D:4)
  The ghost of Sargon the Reactionary, a novice DDAr of Pakellas (D:4)
  A troll (D:10)
  A two-headed ogre (D:8)
  5 yaks
  4 humans (D:6)
  Menkaure (D:6)
  2 water moccasins (D:7)
  An ice beast (D:9)
  A sky beast (D:5)
  A phantom (D:7)
  A black bear (D:8)
  A necrophage (D:10)
  4 ogres
  A centaur (D:5)
  Blork the orc (D:5)
  3 big kobolds
  4 giant frogs
  A gnoll sergeant (D:4)
  3 scorpions
  A wyvern skeleton (D:8)
  8 howler monkeys
  5 wights (D:7)
  A centaur zombie (D:5)
  6 crimson imps
  2 giant frog skeletons (D:9)
  3 hounds
  A gnoll shaman (D:6)
  2 orc priests (D:7)
  2 orc wizards
  A centaur skeleton (D:4)
  4 iguanas
  9 worker ants
  A killer bee zombie (D:9)
  A hound zombie (D:9)
  A hound skeleton (D:7)
  A worker ant zombie (D:8)
  6 gnolls
  14 adders
  7 river rats (Sewer)
  A shadow imp (D:6)
  2 oozes
  2 adder skeletons
  A worm (D:2)
  3 dart slugs
  7 giant geckos
  15 orcs
  4 giant cockroaches
  5 hobgoblins
  9 jackals
  5 quokkas
  6 ball pythons
  7 bats
  A giant gecko skeleton (D:7)
  3 giant newts
  7 goblins
  A jackal skeleton (D:4)
  32 kobolds
  A quokka skeleton (D:4)
  A quokka zombie (D:8)
  25 rats
252 creatures vanquished.

Vanquished Creatures (others)
  An ogre (D:4)
  2 slaves (D:4)
  A worker ant (D:4)
  A kobold (D:3)
5 creatures vanquished.

Grand Total: 257 creatures vanquished

Notes
Turn   | Place    | Note
--------------------------------------------------------------
     0 | D:1      | namename2 the Ghoul Gladiator began the quest for the Orb.
     0 | D:1      | Reached XP level 1. HP: 17/17 MP: 0/0
    82 | D:1      | Reached XP level 2. HP: 24/24 MP: 1/1
    97 | D:1      | Reached skill level 4 in Unarmed Combat
   333 | D:1      | Reached XP level 3. HP: 29/29 MP: 2/2
   606 | D:2      | Reached skill level 5 in Unarmed Combat
   665 | D:2      | Reached XP level 4. HP: 18/36 MP: 3/3
   784 | D:2      | Found a faded altar to an unknown god.
  1179 | D:3      | Noticed an ogre
  1192 | D:3      | Killed an ogre
  1192 | D:3      | Reached skill level 6 in Unarmed Combat
  1192 | D:3      | Reached XP level 5. HP: 22/41 MP: 4/4
  1385 | D:3      | Reached skill level 7 in Unarmed Combat
  1421 | D:3      | Found a sparkling altar of Nemelex Xobeh.
  1421 | D:3      | Found an opulent altar of Gozag.
  1459 | D:3      | Reached XP level 6. HP: 48/48 MP: 5/5
  1465 | D:3      | Found a shattered altar of Ashenzari.
  1908 | D:4      | Noticed Sargon's ghost (novice DDAr)
  2096 | D:4      | Reached skill level 8 in Unarmed Combat
  2119 | D:4      | Reached XP level 7. HP: 49/55 MP: 6/6
  2162 | D:4      | Found a shimmering altar of Xom.
  2229 | D:4      | Noticed Pikel
  2245 | D:4      | Killed Pikel
  2245 | D:4      | Reached skill level 10 in Unarmed Combat
  2245 | D:4      | Reached XP level 8. HP: 45/61 MP: 7/7
  2367 | D:4      | Found a staircase to the Ecumenical Temple.
  2378 | D:4      | Killed Sargon's ghost
  2378 | D:4      | Reached skill level 5 in Fighting
  2400 | Temple   | Entered the Ecumenical Temple
  2517 | Temple   | Became a worshipper of Ru the Awakened
  2623 | D:5      | Entered Level 5 of the Dungeon
  2696 | D:5      | Reached skill level 11 in Unarmed Combat
  2742 | D:5      | Reached XP level 9. HP: 50/74 MP: 8/8
  2827 | D:5      | Noticed Blork the orc
  2835 | D:5      | Killed Blork the orc
  2835 | D:5      | Reached skill level 1 in Evocations
  2840 | D:5      | Reached skill level 1 in Shields
  3175 | D:5      | Found a stormy altar of Qazlal.
  3389 | D:6      | Found a glowing drain.
  3397 | Sewer    | Entered a sewer
  4172 | D:6      | Got a fine quarterstaff
  4199 | D:6      | Reached skill level 12 in Unarmed Combat
  4342 | D:6      | Noticed Menkaure
  4347 | D:6      | Killed Menkaure
  4548 | D:7      | Reached XP level 10. HP: 75/81 MP: 9/9
  4654 | D:7      | Reached skill level 5 in Throwing
  4736 | D:7      | Got a shimmering amber ring
  4737 | D:7      | Identified the ring of Piffupykh {+Inv MR+ Int+4} (You found it on level 7 of the Dungeon)
  5308 | D:7      | Gained mutation: You occasionally shout uncontrollably at your foes. [Ru sacrifice]
  5587 | D:8      | Found Emokh's Antique Weapon Boutique.
  5759 | D:8      | Reached skill level 13 in Unarmed Combat
  5974 | D:8      | Found an ancient bone altar of Kikubaaqudgha.
  5986 | D:8      | Found a shadowy altar of Dithmenos.
  5990 | D:8      | Found a glowing golden altar of the Shining One.
  6004 | D:8      | Found an oddly glowing altar of Pakellas.
  6386 | D:9      | Found Atuorgh's Weapon Shop.
  6805 | D:9      | Reached skill level 14 in Unarmed Combat
  7036 | D:9      | Noticed Sargon's ghost (novice TrMo)
  7132 | D:10     | Entered Level 10 of the Dungeon
  7172 | D:10     | Noticed Snorg
  7454 | D:10     | Slain by Snorg

Vault maps used:
D:1:      dpeg_arrival_fog, minmay_bisected
D:2:      ecumenical_altar_2, grunt_ministairs_14
D:3:      grunt_temple_overflow_opulence, ashenzari_altar_1,
          serial_park_tiny_pond
D:4:      temple_statues, first_bread, led_xom_imps, uniq_pikel
D:5:      lemuel_crystal_altar, uniq_blork_the_orc
D:6:      lightli_sewer_entry_pipes, minmay_ruffians, uniq_menkaure
D:7:      grunt_decor_arrowhead
D:8:      grunt_temple_overflow_cloverleaf, serial_shops,
          nicolae_shop_statue_plus
D:9:      serial_shops, shop
D:10:     lair_0_dummy, uniq_snorg
Temple:   zaba_magenta_temple_12
Sewer:    sewer_minmay_treatment

Skill      XL: |  1  2  3  4  5  6  7  8  9 10 |
---------------+-------------------------------+-----
Unarmed Combat | 4 5 6 7 8 10 11 12 14 | 14.0
Throwing       | 2 3 4 5 |  5.1
Fighting       | 5 6 |  6.9
Evocations     | 1 |  1.0
Shields        | 4 |  4.4
Dodging        | |  2.6

Action                   |  1- 3 |  4- 6 |  7- 9 | 10-12 || total
-------------------------+-------+-------+-------+-------++-------
Melee: Unarmed           |   130 |   174 |   330 |   302 ||   936
 Fire: Blowgun           |       |     3 |       |       ||     3
Throw: Throwing net      |       |     2 |     2 |     1 ||     5
       Stone             |       |     1 |       |     2 ||     3
       Javelin           |       |     1 |     3 |       ||     4
Invok: Reject Sacrifices |       |       |     1 |       ||     1
       Sacrifice Purity  |       |       |       |     1 ||     1
 Abil: Evoke Invisibilit |       |       |       |     1 ||     1
  Use: Scroll            |       |     4 |     4 |     8 ||    16
       Potion            |       |       |       |     4 ||     4
 Stab: Held in net/web   |       |     1 |     1 |       ||     2
  Eat: Chunk             |    13 |    10 |    34 |    27 ||    84
